 Dungeon Crawl Stone Soup version 0.29.1-15-g9cfb28693d (webtiles) character file.

Game seed: 15154360334123568254

62 112233 the Conjurer (level 4, 0/27 HPs)
             Began as an Octopode Conjurer on Feb 26, 2023.
             Slain by Terence
             ... wielding a +0 hand axe
              (5 damage)
             ... on level 3 of the Dungeon.
             The game lasted 00:00:59 (2143 turns).

112233 the Conjurer (Octopode Conjurer)             Turns: 2143, Time: 00:01:00

Health: 0/27       AC:  1    Str:  3 (6)  XL:     4   Next: 8%
Magic:  0/8        EV: 13    Int: 20 (22) God:
Gold:   75         SH:  0    Dex:  8 (10) Spells: 8/9 levels left

rFire   . . .      SeeInvis .   f - +0 short sword
rCold   . . .      Faith    .   (no shield)
rNeg    . . .      Spirit   .   (helmet restricted)
rPois   .          Reflect  .   (no amulet)
rElec   .          Harm     .   (no ring)
rCorr   .          Rampage  .   (no ring)
Will    .....                   (no ring)
Stlth   +++.......              (no ring)
HPRegen 0.09/turn               (no ring)
MPRegen 0.11/turn               (no ring)
                                (no ring)
                                (no ring)

@: no status effects
A: almost no armour, amphibious, 8 rings, camouflage 1, gelatinous body 1,
(nimble swimmer 1), tentacles
a: no special abilities


You were on level 3 of the Dungeon.
You visited 1 branch of the dungeon, and saw 3 of its levels.

You collected 75 gold pieces.

Inventory:

Hand Weapons
 f - a +0 short sword (weapon)
Scrolls
 b - a scroll of noise {unknown}
 d - a scroll of poison {unknown}
 e - a scroll of blinking {unknown}
 i - 3 scrolls of teleportation {unknown}
 j - a scroll of identify {unknown}
 k - a scroll of butterflies {unknown}
 l - a scroll of amnesia {unknown}
Potions
 a - a potion of magic
 g - a potion of might {unknown}
 h - 2 potions of curing {unknown}
 m - a potion of resistance {unknown}


   Skills:
 - Level 2.1 Dodging
 - Level 3.0 Stealth
 * Level 3.2 Spellcasting
 + Level 4.4 Conjurations


You had 8 spell levels left.
You knew the following spells:

 Your Spells              Type           Power      Damage    Failure   Level
a - Magic Dart            Conj           84%        1d7       2%          1

Your spell library contained the following spells:

 Spells                   Type           Power      Damage    Failure   Level
 Searing Ray              Conj           42%        2d6       3%          2
 Dazzling Flash           Conj/Hex       24%        N/A       17%         3
 Fulminant Prism          Conj/Hex       6%         3d7       50%         4
 Iskenderun's Mystic Bla  Conj/Tloc      12%        2d5       50%         4


Dungeon Overview and Level Annotations

Branches:
Dungeon (3/15)

Altars:
Ashenzari
Wu Jian

Annotations:
D:2 1 runed translucent door, Crazy Yiuf
D:3 Terence


Innate Abilities, Weirdness & Mutations

You cannot wear most types of armour.
You are amphibious.
You can wear up to eight rings at the same time.
Your skin changes colour to match your surroundings (Stealth+).
Your rubbery body absorbs attacks. (AC +1, EV +1)
((You are camouflaged when in or above water. (Stealth+)))
You have tentacles for arms and can constrict up to eight enemies at once.


Message History

You barely miss Terence. Your grab misses Terence.
You squeeze Terence, but do no damage.
Terence is moderately wounded.
Terence hits you with a +0 hand axe!
You barely miss Terence. You grab Terence.
You squeeze Terence, but do no damage.
Terence is moderately wounded.
You constrict Terence. Terence hits you with a +0 hand axe.
Unknown command.
Unknown command.
You barely miss Terence.
Terence is moderately wounded.
You constrict Terence, but do no damage.
Terence hits you with a +0 hand axe.
Unknown command.
Casting: Magic Dart (safe; 1% risk of failure)
Confirm with . or Enter, or press ? or * to list all spells.
Aiming: Magic Dart (safe; 1% risk of failure)
Press: ? - help, Shift-Dir - straight line, f/p - Terence
Aim: Terence, wielding a +0 hand axe and wearing a +0 chain mail (moderately wounded, constricted by you, 100% to hit)
The magic dart hits Terence but does no damage.
Terence is moderately wounded.
You constrict Terence. Terence barely misses you.
Casting: Magic Dart (safe; 1% risk of failure)
Confirm with . or Enter, or press ? or * to list all spells.
Aiming: Magic Dart (safe; 1% risk of failure)
Press: ? - help, Shift-Dir - straight line, f/p - Terence
Aim: Terence, wielding a +0 hand axe and wearing a +0 chain mail (moderately wounded, constricted by you, 100% to hit)
The magic dart hits Terence but does no damage.
Terence is moderately wounded.
You constrict Terence, but do no damage.
Terence hits you with a +0 hand axe!
* * * LOW HITPOINT WARNING * * *
Unknown command.
It was a potion of degeneration.
There was something very wrong with that liquid.
You feel weakened.
You feel dopey.
You feel clumsy.
You constrict Terence, but do no damage.
Terence hits you with a +0 hand axe.
You die...

.... .....#.#... #..#
#...#.##.# #..#
#...#.##.###+#
#..####......#.....#
..........#.....#
...†......#.##..##
#..####.....##...#
#....####...##...###
......#####.##..@..#
..........####.@##...#
..##'##..### #..# ##+#
..#...#..#.# #..#
#.#._.#.##..##..#
###[..###...#...#
..#####.....#...
........?#..#...
##.....#.#..#


You could see Terence.

Vanquished Creatures
  2 adders
  A worm (D:2)
  2 ball pythons (D:1)
  3 bats
  An endoplasm (D:2)
  2 giant cockroaches
  4 goblins
  8 jackals
  3 kobolds
  3 quokkas (D:2)
  2 frilled lizards (D:1)
  6 rats
  A spectral hobgoblin (D:2)
38 creatures vanquished.

Notes
Turn   | Place    | Note
-------+----------+-------------------------------------------
     0 | D:1      | 112233 the Octopode Conjurer began the quest for the Orb.
     0 | D:1      | Reached XP level 1. HP: 11/11 MP: 3/3
   278 | D:1      | Reached XP level 2. HP: 17/17 MP: 3/5
  1108 | D:2      | Found an ornate altar of the Wu Jian Council.
  1206 | D:2      | Identified the +1 robe of the Land of Plenty {rF+ SInv}
  1232 | D:2      | Reached XP level 3. HP: 19/21 MP: 0/6
  1285 | D:2      | Found a faded altar of an unknown god.
  1753 | D:2      | Found a runed translucent door.
  1754 | D:2      | Noticed Crazy Yiuf
  2030 | D:3      | Reached XP level 4. HP: 27/27 MP: 5/8
  2062 | D:3      | Found a broken altar of Ashenzari.
  2066 | D:3      | Identified the +0 pair of boots of Fots {rPois rF+ Str+2
                  | Int-2}
  2130 | D:3      | Noticed Terence
  2143 | D:3      | Slain by Terence

Illustrated notes

Levels and vault maps discovered:
D:1:      psy_arrival_conway, layout_basic, nrook_campfire
D:2:      layout_rooms, basic_altar, dreamdust_ecumenical_altar_drowned_temple,
          st_stairs_9, uniq_crazy_yiuf_cottage
D:3:      layout_basic, nicolae_ashenzari_skybound, uniq_terence

Skill      XL: |  1  2  3 |
---------------+----------+-----
Stealth        | 3 |  3.0
Spellcasting   | 3 |  3.2
Dodging        | |  2.1
Conjurations   | |  4.4

Action                   |  1- 3 |  4- 6 || total
-------------------------+-------+-------++-------
Melee: Unarmed           |     3 |       ||     3
       Tentacles         |     5 |     2 ||     7
       Constrict         |     3 |     1 ||     4
       Short sword       |     8 |     3 ||    11
 Cast: Magic Dart        |    60 |    12 ||    72
  Use: Potion            |       |     1 ||     1
Armor: Skin              |     2 |       ||     2
Dodge: Dodged            |     8 |     2 ||    10
